 Dungeon Crawl Stone Soup version 0.27-a0-1140-g099f9bb0e8 (webtiles) character file.

Game seed: 17617729831703474645

3714 Anon1729 the Skirmisher (level 9, -2/109 HPs)
             Began as a Demonspawn Berserker on May 8, 2021.
             Was an Elder of Trog.
             Slain by a goblin
             ... wielding a +0 hand axe
              (7 damage)
             ... in a bailey.
             The game lasted 00:11:41 (8040 turns).

Anon1729 the Skirmisher (Demonspawn Berserker)      Turns: 8040, Time: 00:11:42

Health: -2/109     AC:  0    Str: 26      XL:     9   Next: 91%
Magic:  0/0        EV:  2    Int: 10      God:    Trog [****..]
Gold:   316        SH:  0    Dex: 10 (14) Spells: 8/8 levels left

rFire    . . .     SeeInvis +   b - +10 whip "Luuvvosme" {freeze, rPois MP-9 Str+4 Int+2 Dex+2}
rCold    . . .     Faith    .   (no shield)
rNeg     + + +     Spirit   .   (armour currently unavailable)
rPois    +         Reflect  .   (helmet currently unavailable)
rElec    .         Harm     .   (cloak currently unavailable)
rCorr    .         Rampage  .   (gloves currently unavailable)
Will     .....     NoTele   +   (boots unavailable)
Stlth    +.........             (no amulet)
HPRegen  0.28/turn              l - ring of poison resistance
MPRegen  0.07/turn              g - ring of see invisible

@: agile, tree-form, corroded, on berserk cooldown, very slightly contaminated,
hasted and slowed, invisible
A: stationary, stasis, torment immunity, boosted hp, (hooves 3), (thin metallic
scales 2), powered by pain 1
a: Renounce Religion, Berserk, Trog's Hand, Brothers in Arms


You were in a bailey.
You worshipped Trog.
Trog was greatly pleased with you.
You were a tree.
You visited 1 branch of the dungeon, and saw 7 of its levels.
You also visited: Sewer and Bailey.

You collected 338 gold pieces.
You spent 22 gold pieces at shops.

Inventory:

Hand Weapons
 a - a +2 hand axe of freezing
 b - the +10 whip "Luuvvosme" (weapon) {freeze, rPois MP-9 Str+4 Int+2 Dex+2}
   (You found it on level 4 of the Dungeon)

   It has been specially enchanted to freeze those struck by it, causing extra
   injury to most foes and up to half again as much damage against particularly
   susceptible opponents.
   It can also slow down cold-blooded creatures.
   It affects your strength (+4).
   It affects your intelligence (+2).
   It affects your dexterity (+2).
   It protects you from poison.
   It affects your magic capacity (-9).
 j - a +0 hand axe
 O - a +4 hand axe
Missiles
 w - 2 throwing nets
 H - 8 atropa-tipped darts
Armour
 c - a +1 animal skin (melded)
 d - a +0 helmet (melded)
 e - a +0 pair of gloves (melded)
 t - a scarf of shadows (melded)
 z - a +0 animal skin
Jewellery
 g - a ring of see invisible (right branch)
 i - a +6 ring of intelligence
 l - a ring of poison resistance (left branch)
 M - a ring of ice
Wands
 y - a wand of paralysis (7)
 C - a wand of digging (4)
 F - a wand of mindburst (16)
 I - a wand of iceblast (7)
Scrolls
 f - 3 scrolls of teleportation
 h - 3 scrolls of fear
 k - a scroll of identify
 m - a scroll of magic mapping {unknown}
 r - a scroll of amnesia {unknown}
 v - 4 scrolls of noise
 x - 3 scrolls of enchant weapon
 A - a scroll of acquirement {unknown}
 B - 2 scrolls of enchant armour
 E - a scroll of immolation {unknown}
 G - 2 scrolls of blinking
 K - a scroll of brand weapon {unknown}
Potions
 p - 2 potions of berserk rage
 u - a potion of cancellation {unknown}
 D - a potion of heal wounds {unknown}
 J - 2 potions of flight {unknown}
 L - a potion of mutation {unknown}
 N - a potion of attraction {unknown}


   Skills:
 + Level 7.7 Fighting
 + Level 7.0 Axes
 + Level 6.8 Armour
 + Level 6.8 Dodging


You had 8 spell levels left.
You didn't know any spells.
Your spell library was empty.

Dungeon Overview and Level Annotations

Branches:
Dungeon (7/15)             Temple (0/1) D:5           Sewer (visited)
 Bailey (1/1)

Altars:
Kikubaaqudgha
Makhleb
Ru
Xom

Shops:
D:4 ?

Annotations:
D:3 2 transporters, Anon1729's ghost, amateur DsBe
D:5 Dowan; Duvessa


Innate Abilities, Weirdness & Mutations

You are a tree.
Your roots penetrate the ground, keeping you stationary.
You cannot be teleported.
You are immune to unholy pain and torment.
Your maximum health is greatly increased.
Your equipment is partially melded.
((You have hooves in place of feet.))
((You are mostly covered in thin metallic scales. (AC +3)))
You sometimes gain a little power by taking damage.


Message History

The goblin closely misses you. The smoke demon gestures at you.
The ball of steam hits the goblin!!
The goblin dies!
The ball of steam misses you. The ufetubus hits your ogre. x2
Your ogre dies!
Your ogre's corpse disappears in a puff of smoke!
You feel as though your hastened speed will last longer.
The quasit barely misses you. The quasit claws you.
* * * LOW HITPOINT WARNING * * *
You feel clumsy. The quasit completely misses you.
It was a potion of invisibility.
You fade into invisibility!
The ufetubus is engulfed in a cloud of scalding steam.
The ufetubus dies!
The quasit closely misses you. The quasit completely misses you.
The quasit closely misses you.
You are very lightly contaminated with residual magic.
It was a potion of lignification.
You turn into a tree.
Your scarf of shadows melds into your body.
Your +0 helmet melds into your body.
Your +0 pair of gloves melds into your body.
Your +1 animal skin melds into your body.
The dungeon's light returns to normal.
Your roots penetrate the ground.
The quasit bites you.
* * * LOW HITPOINT WARNING * * *
You feel clumsy. The quasit claws you.
* * * LOW HITPOINT WARNING * * *
You feel clumsy. The quasit claws you.
* * * LOW HITPOINT WARNING * * *
The quasit barely misses you. The quasit claws you.
* * * LOW HITPOINT WARNING * * *
You feel clumsy. The quasit claws you.
* * * LOW HITPOINT WARNING * * *
The goblin hits you with a +0 hand axe!
You die...

#+####### #...5K..#
+.8.858.#
#..54)K5######≈≈≈≈≈#
#...5#.53...#.≈≈≈≈≈≈#
))#...o#.34§..#.≈≈≈≈≈.####
..#.4o.#####3'#.≈≈≈≈≈.....
..#..KK##♣5K4.#.≈≈≈≈≈.....
# #..g.##.g..)'...........
#.g..##..⌠.)'..........∩
#....)'...........
#.....#.≈≈≈≈≈.....
####''#.≈≈≈≈≈.....
..#.≈≈≈≈≈.#### ..#.≈≈≈≈≈≈#
###≈≈≈≈≈#


You could see an orange demon (summoned), a kobold demonologist, a ynoxinul
(summoned), a quasit (summoned) and a goblin.

Vanquished Creatures
  A two-headed ogre (D:7)
  Grinder (D:4)
  Sigmund (D:4)
  5 yaks (D:6)
  An orc warrior (Bailey)
  Purgy (Sewer)
  4 ogres
  A centaur (D:5)
  A kobold brigand (D:6)
  A bullfrog (D:4)
  A wyvern zombie (D:5)
  A water moccasin zombie (D:5)
  A crimson imp (D:3)
  A bullfrog zombie (D:6)
  3 hounds (D:5)
  2 centaur skeletons
  4 jellies
  2 bullfrog skeletons
  2 orc priests
  Jessica (D:2)
  Natasha (thrice) (D:4)
  3 orc wizards
  A scorpion zombie (D:5)
  A hound skeleton (D:4)
  Robin (D:2)
  12 gnolls
  A howler monkey skeleton (D:6)
  15 adders
  2 river rats (D:6)
  An adder zombie (D:5)
  3 worms
  A dart slug (D:1)
  16 orcs
  4 endoplasms
  7 giant cockroaches
  19 goblins
  12 hobgoblins
  A jackal (D:4)
  13 kobolds
  8 quokkas
  14 ball pythons
  4 bats
  3 frilled lizards
  9 rats
189 creatures vanquished.

Vanquished Creatures (collateral kills)
  An orc warrior (Bailey)
1 creature vanquished.

Vanquished Creatures (others)
  A goblin (Bailey)
1 creature vanquished.

Grand Total: 191 creatures vanquished

Notes
Turn   | Place    | Note
-------+----------+-------------------------------------------
     0 | D:1      | Anon1729 the Demonspawn Berserker began the quest for the
                  | Orb.
     0 | D:1      | Reached XP level 1. HP: 18/18 MP: 1/1
   290 | D:1      | Gained mutation: You sometimes gain a little power by
                  | taking damage. [demonic ancestry]
   290 | D:1      | Reached XP level 2. HP: 24/24 MP: 2/2
   601 | D:1      | Found a faded altar of an unknown god.
   803 | D:1      | Gained mutation: You are partially covered in thin metallic
                  | scales. (AC +2) [demonic ancestry]
   803 | D:1      | Reached XP level 3. HP: 25/29 MP: 3/3
  1261 | D:2      | Noticed Jessica
  1271 | D:2      | Killed Jessica
  1272 | D:2      | Gained mutation: You have large cloven feet. [demonic
                  | ancestry]
  1272 | D:2      | Reached XP level 4. HP: 21/35 MP: 4/4
  1616 | D:2      | Reached ** piety under Trog
  1637 | D:2      | Noticed Robin
  1707 | D:2      | Killed Robin
  2366 | D:3      | Found a transporter.
  2372 | D:3      | Reached XP level 5. HP: 39/42 MP: 5/5
  2573 | D:3      | Noticed Anon1729's ghost (amateur DsBe)
  3539 | D:3      | Found a shimmering altar of Xom.
  3539 | D:3      | Found a burning altar of Makhleb.
  3547 | D:3      | Gained mutation: You are mostly covered in thin metallic
                  | scales. (AC +3) [demonic ancestry]
  3547 | D:3      | Reached XP level 6. HP: 34/48 MP: 6/6
  3683 | D:3      | Noticed an orc warrior
  3757 | D:3      | Found a transporter.
  3908 | D:4      | Noticed Sigmund
  3923 | D:4      | Killed Sigmund
  3992 | D:4      | Noticed Natasha
  4000 | D:4      | Killed Natasha
  4000 | D:4      | Reached *** piety under Trog
  4000 | D:4      | Noticed Natasha
  4008 | D:4      | Killed Natasha
  4009 | D:4      | Reached XP level 7. HP: 19/55 MP: 7/7
  4228 | D:4      | Noticed Grinder
  4237 | D:4      | Killed Grinder
  4238 | D:4      | Reached skill level 5 in Fighting
  4271 | D:4      | Noticed Natasha
  4538 | D:4      | Found Gutu's Magic Scroll Boutique.
  4541 | D:4      | Bought a scroll of identify for 22 gold pieces
  4878 | D:4      | Identified the +10 whip "Luuvvosme" {freeze, rPois MP-9
                  | Str+4 Int+2 Dex+2}
  5181 | D:4      | Killed Natasha
  5265 | D:5      | Entered Level 5 of the Dungeon
  5286 | D:5      | Gained mutation: You have hoof-like feet. [demonic
                  | ancestry]
  5286 | D:5      | Reached XP level 8. HP: 59/63 MP: 0/8
  5318 | D:5      | Reached skill level 5 in Axes
  5598 | D:5      | Reached skill level 5 in Dodging
  5680 | D:5      | Reached skill level 5 in Armour
  5710 | D:5      | Found a staircase to the Ecumenical Temple.
  5833 | D:5      | Found a sacrificial altar of Ru.
  5928 | D:5      | Found an ancient bone altar of Kikubaaqudgha.
  6305 | D:6      | Noticed Duvessa
  6305 | D:6      | Noticed Dowan
  6616 | D:6      | Gained mutation: You have hooves in place of feet. [demonic
                  | ancestry]
  6616 | D:6      | Reached XP level 9. HP: 71/71 MP: 0/9
  6617 | D:6      | Reached **** piety under Trog
  7005 | D:6      | Found a glowing drain.
  7013 | Sewer    | Entered a sewer
  7045 | Sewer    | Noticed Purgy
  7048 | Sewer    | Killed Purgy
  7759 | D:7      | Noticed a two-headed ogre
  7767 | D:7      | Killed a two-headed ogre
  7948 | D:7      | Found a flagged portal.
  7967 | Bailey   | Entered a bailey
  8003 | Bailey   | Found an iron altar of Okawaru.
  8003 | Bailey   | Noticed a kobold demonologist
  8003 | Bailey   | Noticed a kobold demonologist
  8004 | Bailey   | Noticed a rust devil
  8020 | Bailey   | Noticed a smoke demon
  8029 | Bailey   | Noticed a red devil
  8030 | Bailey   | Noticed an orange demon
  8035 | Bailey   | Noticed a hellwing
  8040 | Bailey   | HP: 5/109 [quasit[a kobold demonologist] (1)]
  8040 | Bailey   | Slain by a goblin

Illustrated notes

Levels and vault maps discovered:
D:1:      minmay_arrival_four_circles, layout_basic,
          ebering_ecumenical_altar_sacrificial
D:2:      layout_loops_ring, chequers_hall_statues_y, uniq_robin, uniq_jessica
D:3:      wander_river, layout_basic, grunt_temple_overflow_champion_of_chaos,
          gammafunk_ghost_arena, kennysheep_nub, chequers_serial_rivers_small_a,
          minmay_snake_closets
D:4:      layout_basic, serial_shops, kennysheep_mini, st_stairs_13,
          minmay_misc_feat_cross, minmay_close_crescents, uniq_sigmund,
          uniq_grinder, uniq_natasha
D:5:      layout_gridville, nicolae_ru_path_of_blood, lemuel_round_altar,
          minmay_temple_entry_butterflies
D:6:      layout_cave_pods, gup_sewer_entry_bubbles, uniq_duvessa
D:7:      layout_loops_ring, nicolae_ossuary_entry_giza, enter_bailey_5,
          uniq_crazy_yiuf_cottage, uniq_menkaure
Bailey:   bailey_axe_of_yendor_kennysheep, bailey

Skill      XL: |  1  2  3  4  5  6  7  8  9 |
---------------+----------------------------+-----
Armour         | 2 3 4 5 6 |  6.8
Dodging        | 2 3 4 5 6 |  6.8
Axes           | 3 4 6 7 |  7.0
Fighting       | 4 5 6 7 |  7.7

Action                   |  1- 3 |  4- 6 |  7- 9 || total
-------------------------+-------+-------+-------++-------
Melee: Hand axe          |    95 |   132 |    63 ||   290
       Kick              |       |    16 |    72 ||    88
       Whip              |       |       |   177 ||   177
Invok: Berserk           |     3 |     5 |     7 ||    15
       Trog's Hand       |       |     1 |       ||     1
       Brothers in Arms  |       |       |     1 ||     1
  Use: Potion            |       |     4 |     6 ||    10
       Scroll            |       |       |     6 ||     6
 Stab: Sleeping          |     4 |       |     4 ||     8
Armor: Animal skin       |    24 |    45 |    61 ||   130
Dodge: Dodged            |    65 |   100 |   182 ||   347

Table legend: (Time is in decaauts)
 A = Elapsed time spent in this place.
 B = Non-inter-level travel time spent in this place.
 C = Inter-level travel time spent in this place.
 D = Time resting spent in this place.
 E = Time spent auto-exploring this place.
 F = Levels seen in this place.
 G = Mean time per level.
                   A        B        C        D        E       F      G
               +--------+--------+--------+--------+--------+-----+--------+
         Total |   8267 |   8020 |    247 |   1450 |   5099 |   9 |  918.6 |
       Dungeon |   7990 |   7743 |    247 |   1417 |   4976 |   7 | 1141.4 |
         Sewer |    208 |    208 |      0 |     32 |    123 |   1 |  208.0 |
        Bailey |     68 |     68 |      0 |      0 |      0 |   1 |   68.0 |
               +--------+--------+--------+--------+--------+-----+--------+

Top non-repeatable levels by time:
     D:2: 1892 daAuts
     D:3: 1411 daAuts
     D:4: 1232 daAuts
     D:6: 1225 daAuts
     D:5: 1093 daAuts
     D:1: 904 daAuts
     D:7: 231 daAuts
   Sewer: 208 daAuts
  Bailey: 68 daAuts
